 Dungeon Crawl Stone Soup version 0.20.0-4-g10b340a (webtiles) character file.

291 tognito the Cleaver (level 6, -1/51 HPs)
             Began as a Minotaur Berserker on May 27, 2017.
             Was a Priest of Trog.
             Slain by an orc warrior
             ... wielding a +0 halberd
              (19 damage)
             ... on level 4 of the Dungeon.
             The game lasted 00:05:55 (2037 turns).

tognito the Cleaver (Minotaur Berserker)            Turns: 2037, Time: 00:05:56

Health: -1/51      AC:  7    Str: 27    XL:     6   Next: 10%
Magic:  5/5        EV: 10    Int:  4    God:    Trog [***...]
Gold:   216        SH:  0    Dex:  7    Spells: 5/5 levels left

rFire    . . .     SeeInvis .   a - +1 hand axe (chop)
rCold    . . .     Gourm    +   (no shield)
rNeg     . . .     Faith    .   j - +0 scale mail
rPois    .         Spirit   .   (helmet unavailable)
rElec    .         Reflect  .   q - +0 cloak
rCorr    .         Harm     .   (no gloves)
MR       .....                  (no boots)
Stlth    +.........             g - amulet of the gourmand
Regen    0.2/turn               h - +3 ring of strength
MPRegen  0.1/turn               n - ring of stealth

@: no status effects
A: retaliatory headbutt, horns 3, clumsy 1
a: Berserk, Trog's Hand, Burn Spellbooks, Renounce Religion


You were on level 4 of the Dungeon.
You worshipped Trog.
Trog was most pleased with you.
You were not hungry.

You visited 1 branch of the dungeon, and saw 4 of its levels.

You collected 216 gold pieces.

Inventory:

Hand Weapons
 a - a +1 hand axe of chopping (weapon)
Missiles
 e - 35 bolts
 t - 30 arrows
Armour
 j - a +0 scale mail (worn)
 p - a +0 hat
 q - a +0 cloak (worn)
Jewellery
 g - an amulet of the gourmand (around neck)
 h - a +3 ring of strength (left hand)
 l - an uncursed ring of see invisible
 n - a ring of stealth (right hand)
Scrolls
 d - 3 scrolls of identify
 m - a scroll of blinking
 u - a scroll of remove curse
 v - a scroll of teleportation
Potions
 f - 2 potions of ambrosia
 i - a potion of heal wounds
 r - 3 potions of haste
 s - 2 potions of curing
 w - a potion of agility
Comestibles
 b - 2 meat rations
 c - 4 bread rations
 k - 2 royal jellies
 o - a fruit


   Skills:
 - Level 3.6 Fighting
 + Level 8.3 Axes
 - Level 2.4 Armour
 - Level 2.1 Dodging


You had 5 spell levels left.
You didn't know any spells.

Dungeon Overview and Level Annotations

Branches:
Dungeon (4/15)
 Temple: D:4-7

Altars:
Ashenzari
Yredelemnul

Portals:
Sewer: D:4


Innate Abilities, Weirdness & Mutations

You reflexively headbutt those who attack you in melee.
You have a pair of large horns on your head.
You are clumsy. (Dex -2)


Message History

The hound barely misses you.
Unknown command.
The hound bites you but does no damage. The orc warrior misses you.
You hit the orc warrior. You headbutt the orc warrior.
The orc warrior is moderately wounded.
You barely miss the hound.
Your scale mail prevents you from hitting the orc.
The hound closely misses you. The orc warrior closely misses you.
You slash the orc warrior!
The orc warrior is heavily wounded.
You hit the orc but do no damage. You hit the hound. The hound bites you.
The orc hits you but does no damage.
The orc priest calls upon Beogh to heal the orc warrior.
The orc warrior is healed somewhat.
The hound bites you.
You hit the orc warrior.
The orc warrior is heavily wounded.
You barely miss the hound. You hit the orc.
The orc hits you but does no damage.
The orc warrior hits you with a halberd!!
You die...

######.#######
........#
#.............
........#
#.####.#######
........# #.# #.#
......###.# #.#
..o....#.# #.#
#..O..#.# #.#
#o.o.#.####.####
##.@h.#.........#
#.........##.##.
#.#######.#
#.#SSSS≈#.#
#.+≈≈∩≈≈#.#
#.#≈≈≈≈≈#..#
#.#######....
#.........[#.#
######.#####..


You could see an orc warrior, an ogre, a hound, an orc priest, 4 adders and an
orc.

Vanquished Creatures
  A howler monkey (D:4)
  An orc priest (D:3)
  2 orc wizards (D:3)
  Terence (D:2)
  Robin (D:2)
  5 adders
  2 oozes
  3 dart slugs
  A leopard gecko (D:2)
  An orc (D:3)
  A ball python (D:2)
  8 bats
  6 giant cockroaches
  2 gnoll zombies (D:3)
  10 goblins
  8 hobgoblins
  7 jackals
  6 kobolds
  A quokka (D:2)
  A frilled lizard (D:1)
  7 rats
75 creatures vanquished.

Notes
Turn   | Place    | Note
-------+----------+-------------------------------------------
     0 | D:1      | tognito the Minotaur Berserker began the quest for the Orb.
     0 | D:1      | Reached XP level 1. HP: 19/19 MP: 0/0
    46 | D:1      | Reached skill level 4 in Axes
    94 | D:1      | Reached XP level 2. HP: 24/26 MP: 1/1
   326 | D:1      | Reached ** piety under Trog
   345 | D:1      | Reached skill level 5 in Axes
   571 | D:2      | Noticed Terence
   576 | D:2      | Killed Terence
   576 | D:2      | Reached XP level 3. HP: 24/31 MP: 2/2
   586 | D:2      | Found a shattered altar of Ashenzari.
   655 | D:2      | Reached XP level 4. HP: 30/39 MP: 3/3
   729 | D:2      | Reached skill level 6 in Axes
   829 | D:2      | Noticed Robin
   853 | D:2      | Killed Robin
  1233 | D:2      | Reached XP level 5. HP: 20/45 MP: 4/4
  1571 | D:3      | Reached skill level 7 in Axes
  1598 | D:3      | Found a basalt altar of Yredelemnul.
  1600 | D:3      | Gained mutation: You are clumsy. (Dex -2) [potion of mutation]
  1600 | D:3      | Gained mutation: You have a pair of large horns on your head. [potion of mutation]
  1806 | D:3      | Reached *** piety under Trog
  1824 | D:3      | Reached skill level 8 in Axes
  2011 | D:4      | Reached XP level 6. HP: 46/51 MP: 5/5
  2020 | D:4      | Found a glowing drain.
  2029 | D:4      | Noticed an orc warrior
  2037 | D:4      | Slain by an orc warrior

Skill      XL: |  1  2  3  4  5 |
---------------+----------------+-----
Axes           | 4 5 6 8 |  8.3
Fighting       | |  3.6
Armour         | |  2.4
Dodging        | |  2.1

Action                   |  1- 3 |  4- 6 || total
-------------------------+-------+-------++-------
Melee: Hand axe          |    70 |   134 ||   204
       Headbutt          |     7 |    17 ||    24
  Use: Potion            |     5 |     4 ||     9
       Scroll            |     3 |     6 ||     9
  Eat: Chunk             |       |     4 ||     4
Armor: Animal skin       |    19 |       ||    19
       Scale mail        |     5 |    59 ||    64
Dodge: Dodged            |    48 |    58 ||   106
